 Dungeon Crawl Stone Soup version 0.30-a0-422-g946f4849ff (webtiles) character file.

Game seed: 3419013321017568600

28 lunkers the Gusty (level 3, -2/28 HPs)
             Began as a Meteoran Wanderer on Dec 8, 2022.
             Engulfed by a steam dragon's steam (7 damage)
             ... on level 3 of the Dungeon.
             The game lasted 00:03:14 (688 turns).

lunkers the Gusty (Meteoran Wanderer)                Turns: 688, Time: 00:03:15

Health: -2/28      AC:  3    Str: 14    XL:     3   Next: 50%
Magic:  5/6        EV: 16    Int: 14    God:
Gold:   40         SH:  0    Dex: 14    Spells: 3/4 levels left

rFire   . . .      SeeInvis .    a - +2 dagger
rCold   . . .      Faith    .    (no shield)
rNeg    . . .      Spirit   .    e - +0 robe
rPois   .          Reflect  .    (no helmet)
rElec   .          Harm     .    k - +0 cloak
rCorr   .          Rampage  .    (no gloves)
Will    .....                    (no boots)
Stlth   +.........               (no amulet)
HPRegen 0.24/turn                m - +4 ring of evasion
MPRegen 0.10/turn                (no ring)

@: glowing
A: sense surroundings 1, otherworldly, glowing, explore regen
a: no special abilities


You were on level 3 of the Dungeon.
You visited 1 branch of the dungeon, and saw 3 of its levels.

You collected 40 gold pieces.

Inventory:

Hand Weapons
 a - a +2 dagger (weapon)
Missiles
 b - a curare-tipped dart
 l - 6 poisoned darts
Armour
 e - a +0 robe (worn)
 k - a +0 cloak (worn)
Jewellery
 m - a +4 ring of evasion (left hand)
 n - a +6 ring of dexterity
Scrolls
 c - 3 scrolls of teleportation
 d - a scroll of fear
 f - a scroll of vulnerability {unknown}
 g - 4 scrolls of identify {unknown}
 h - a scroll of fog {unknown}
 j - a scroll of enchant armour {unknown}
 o - a scroll of blinking {unknown}
Potions
 i - a potion of haste {unknown}


   Skills:
 - Level 1.1 Fighting
 + Level 3.0 Short Blades
 - Level 3.6 Throwing
 - Level 1.2 Dodging
 - Level 1.0 Stealth
 - Level 1.3 Spellcasting
 - Level 3.6 Air Magic


You had 3 spell levels left.
You knew the following spells:

 Your Spells              Type           Power      Damage    Failure   Level
p - Shock                 Conj/Air       24%        1d4       12%         1

Your spell library contained the following spells:

 Spells                   Type           Power      Damage    Failure   Level
 Mephitic Cloud           Conj/Pois/Air  4%         N/A       43%         3


Dungeon Overview and Level Annotations

Branches:
Dungeon (3/15) Zot: 1114

Altars:

Shops:
D:1 (?:

Annotations:
D:2 Robin, Sigmund


Innate Abilities, Weirdness & Mutations

You passively map a small area around you.
You are easily found by Zot.
You glow in the dark.
You regain HP and MP as you explore.


Message History

g - 4 scrolls labelled YXESAE HEFI (gained 1)
Found a stone staircase leading up.
No target in view!
There is a stone staircase leading up here.
n - a +6 ring of dexterity No target in view!
o - a scroll labelled VOZUOP BEOTAYWNIE No target in view!
Key pressed, stopping explore.
No target in view!
Found 7 stones.
A steam dragon comes into view.
The steam dragon breathes steam at you. The ball of steam hits you!
You aren't carrying any items that you can evoke.
Unknown command.
The steam dragon breathes steam at you. The ball of steam misses you.
You aren't carrying any items that you can evoke.
Aiming: Shock (safe; 12% risk of failure)
Press: ? - help, Q - select action, (/) - cycle Shift-Dir - straight line, f - steam dragon
Aim: a steam dragon (steam, 64% to hit)
The zap misses the steam dragon.
You are engulfed in a cloud of scalding steam.
* * * LOW HITPOINT WARNING * * *
Casting: Shock (safe; 12% risk of failure)
Confirm with . or Enter, or press ? or * to list all spells.
Okay, then.
Aiming: Shock (safe; 12% risk of failure)
Press: ? - help, Q - select action, (/) - cycle Shift-Dir - straight line, f/p - steam dragon
Aim: a steam dragon (steam, 64% to hit)
The zap hits the steam dragon.
The steam dragon is lightly wounded.
The steam dragon breathes steam at you. The ball of steam misses you.
Unknown command.
You hit the steam dragon.
The steam dragon is moderately wounded.
You are engulfed in a cloud of scalding steam.
You die...

#.##... ### #.##...
##.## #.##... * ##...##
#.##... * ..... #.###..
* ### ...* #...... ,
##§###.# ####..#
,,####.§.##.########...#
,+..§.@.§..............
,,####.D.##.###.####...#
, #.§.....# #.# ##..#
#.#§##### #.####...#
#.#. *#.##...... #.#.,
,, ..##.#.##. # ##
####.#.##. * , #.#.... *
#.####.


You could see a steam dragon (catching breath).

Vanquished Creatures
  A dart slug (D:1)
  3 ball pythons
  2 endoplasms
  8 goblins
  A hobgoblin (D:2)
  2 jackals (D:1)
  A quokka (D:1)
  3 bats
  A frilled lizard (D:1)
  A kobold (D:1)
  A rat (D:2)
24 creatures vanquished.

Notes
Turn   | Place    | Note
-------+----------+-------------------------------------------
     0 | D:1      | lunkers the Meteoran Wanderer began the quest for the Orb.
     0 | D:1      | lunkers set off with the following items: a +2 dagger, a
                  | curare-tipped dart, a scroll of teleportation, a scroll of
                  | fear, a +0 robe; and the following spell memorised: Shock;
                  | and the following spells available to memorise: Mephitic
                  | Cloud.
     0 | D:1      | Reached XP level 1. HP: 16/16 MP: 3/3
   130 | D:1      | Reached skill level 1 in Short Blades
   139 | D:1      | Found Eplabibb's Book Emporium.
   155 | D:1      | Reached XP level 2. HP: 23/23 MP: 0/5
   167 | D:1      | Found Tegi's Magic Scroll Shop.
   241 | D:1      | Found Jeobyent's Antique Weapon Shoppe.
   280 | D:2      | Reached XP level 3. HP: 28/28 MP: 1/6
   284 | D:2      | Noticed Robin
   531 | D:2      | Noticed Sigmund
   683 | D:3      | Noticed a steam dragon
   688 | D:3      | Engulfed by a steam dragon's steam

Illustrated notes

Levels and vault maps discovered:
D:1:      nagdon_arrival_double_spiral, layout_basic,
          ebering_ecumenical_altar_hall, serial_shops, shop, shop, shop
D:2:      layout_basic, amethyst_killhole, uniq_robin, uniq_sigmund
D:3:      layout_loops_corners, gammafunk_temple_overflow_elements,
          minmay_starry_boxes

Skill      XL: |  1  2  3 |
---------------+----------+-----
Short Blades   | 1 2 3 |  3.0
Fighting       | |  1.1
Throwing       | |  3.6
Dodging        | |  1.2
Stealth        | |  1.0
Spellcasting   | |  1.3
Air Magic      | |  3.6

Action                   || total
-------------------------++-------
Melee: Dagger            ||    29
 Cast: Shock             ||    37
Armor: Robe              ||     8
Dodge: Dodged            ||    22

Table legend: (Time is in decaauts)
 A = Elapsed time spent in this place.
 B = Non-inter-level travel time spent in this place.
 C = Inter-level travel time spent in this place.
 D = Time resting spent in this place.
 E = Time spent auto-exploring this place.
 F = Levels seen in this place.
 G = Mean time per level.
                   A        B        C        D        E       F      G
               +--------+--------+--------+--------+--------+-----+--------+
         Total |    685 |    598 |     87 |      0 |    374 |   3 |  228.3 |
       Dungeon |    685 |    598 |     87 |      0 |    374 |   3 |  228.3 |
               +--------+--------+--------+--------+--------+-----+--------+

Top non-repeatable levels by time:
     D:1: 409 daAuts
     D:2: 140 daAuts
     D:3: 135 daAuts
